 Dungeon Crawl Stone Soup version 0.18-a0-1311-g779ca93 (webtiles) character file.

132 mrath the Digger (level 5, 0/28 HPs)
             Began as a Gargoyle Earth Elementalist on Feb 13, 2016.
             Slain by an orc
             ... wielding a +0 trident
              (3 damage)
             ... on level 4 of the Dungeon.
             The game lasted 00:22:16 (2875 turns).

mrath the Digger (Gargoyle Earth Elementalist)      Turns: 2875, Time: 00:22:16

Health: 0/28       AC:  8    Str: 11    XL:     5   Next: 15%
Magic:  6/10       EV:  7    Int: 20    God:
Gold:   153        SH:  0    Dex: 10    Spells: 2 memorised, 7 levels left

rFire  . . .     SeeInvis .     k - +0 short sword
rCold  . . .     Gourm    .     a - +0 robe
rNeg   + . .     Faith    .     (no shield)
rPois  ∞         Spirit   .     y - +0 helmet
rElec  +         Dismiss  .     o - +0 cloak
rCorr  .         Reflect  .     (no gloves)
SustAt .         Harm     .     (no boots)
MR     .....                    (no amulet)
Stlth  ++........               (no ring)
                                j - +3 ring of intelligence

@: very slightly contaminated, not resistant to hostile enchantments, unstealthy
A: negative energy resistance 1, electricity resistance, unbreathing,
petrification resistance, rot immunity, AC +4
a: no special abilities


You were on level 4 of the Dungeon.
You were not hungry.

You visited 1 branch of the dungeon, and saw 4 of its levels.

You collected 153 gold pieces.

Inventory:

Hand Weapons
 k - a +0 short sword (weapon)
 l - a +0 short sword of speed
 n - a +1 hand axe of chopping
 x - a +0 flail
Missiles
 b - 33 stones (quivered)
 p - 15 steel sling bullets
 r - 9 sling bullets
 D - 7 tomahawks
Armour
 a - a +0 robe (worn)
 f - a cursed +0 leather armour
 o - a +0 cloak (worn)
 y - a +0 helmet (worn)
Jewellery
 j - a +3 ring of intelligence (left hand)
Wands
 s - a wand of teleportation (4/9)
Scrolls
 g - 3 scrolls of identify
 h - a scroll of immolation {unknown}
 q - a scroll of remove curse {unknown}
 u - a scroll of magic mapping {unknown}
 v - a scroll of enchant armour {unknown}
 w - a scroll of blinking {unknown}
 E - a scroll of fog {unknown}
Potions
 e - 3 potions of curing
 i - a potion of ambrosia {unknown}
 t - 2 potions of flight
 A - a potion of heal wounds {unknown}
Books
 c - a book of Geomancy

   Spells                             Type                      Level
   a - Sandblast                      Earth                        1
   b - Passwall                       Transmutation/Earth          2
   c - Stone Arrow                    Conjuration/Earth            3
   d - Petrify                        Transmutation/Earth          4
   e - Lee's Rapid Deconstruction     Earth                        5
Comestibles
 d - 2 bread rations
 m - a meat ration
 z - a slice of pizza
 B - a beef jerky


   Skills:
 - Level 1.5 Dodging
 - Level 2.1 Stealth
 * Level 3.8 Spellcasting
 + Level 1.8 Conjurations
   Level 0.7 Transmutations
 + Level 4.6 Earth Magic


You had 7 spell levels left.
You knew the following spells:

 Your Spells              Type           Power        Failure   Level  Hunger
a - Sandblast             Erth           ###...       1%          1    None
b - Stone Arrow           Conj/Erth      ###...       12%         3    ###....


Dungeon Overview and Level Annotations

Branches:
Dungeon (4/15)
 Temple: D:4-7

Altars:
Elyvilon


Innate Abilities, Weirdness & Mutations

You are resistant to torment.
Your stone body is resilient (AC +4).
You are immune to poison.
You resist negative energy.
You are resistant to electric shocks.
You can survive without breathing.
You are immune to petrification.
You are immune to rotting.


Message History

The blast of sand hits the orc.
You kill the orc!
The orc priest calls down the wrath of Beogh upon you.
Something smites you!
Casting: Sandblast
Confirm with . or Enter, or press ? or * to list all spells.
Aiming: Sandblast
Press: ? - help, Shift-Dir - straight line, f - orc
Aim: an orc, wielding a trident The blast of sand hits the orc.
The orc is moderately wounded.
The orc throws a tomahawk.
The tomahawk hits you but does no damage.
The orc priest mumbles some strange prayers to Beogh against you.
Something smites you!
Ouch! That really hurt!
* * * LOW HITPOINT WARNING * * *
The orc hits you but does no damage.
The orc hits you from afar with a trident.
You die...

######+####+####
#..............#
#....o.........#
#?.............#
....o..........#
[...o..........#
.######o.@.....#
#........#
#.#######.. #..
#.. #.. #.


You could see an orc priest and 3 orcs.

Vanquished Creatures
  3 adders
  4 gnolls
  An ooze (D:1)
  3 worms
  2 giant geckos
  2 orcs
  A ball python (D:3)
  A giant cockroach (D:3)
  7 goblins
  3 hobgoblins
  8 kobolds
  4 quokkas
  5 bats
  A giant newt (D:3)
  6 rats
51 creatures vanquished.

Notes
Turn   | Place    | Note
--------------------------------------------------------------
     0 | D:1      | mrath the Gargoyle Earth Elementalist began the quest for the Orb.
     0 | D:1      | Reached XP level 1. HP: 10/10 MP: 3/3
   415 | D:1      | Reached XP level 2. HP: 9/15 MP: 3/5
  1041 | D:2      | Reached skill level 4 in Earth Magic
  1041 | D:2      | Reached XP level 3. HP: 19/19 MP: 2/7
  1176 | D:1      | Learned a level 3 spell: Stone Arrow
  1528 | D:2      | Reached XP level 4. HP: 24/24 MP: 5/9
  1656 | D:2      | Reached skill level 1 in Conjurations
  1954 | D:2      | Found a white marble altar of Elyvilon.
  2468 | D:3      | Reached XP level 5. HP: 28/28 MP: 5/10
  2875 | D:4      | Slain by an orc

Vault maps used:
D:1:      lightli_arrival_boilingwater
D:2:      nicolae_overflow_hidden_temple, corexii_corridor_pit,
          solitary_fountain, hangedman_abyss_or_decor_stabs
D:4:      enter_ossuary_4

Action                   |  1- 3 |  4- 6 || total
-------------------------+-------+-------++-------
Melee: Short sword       |     8 |    28 ||    36
 Cast: Sandblast         |    43 |    51 ||    94
  Use: Scroll            |       |     4 ||     4
 Stab: Sleeping          |       |     2 ||     2
  Eat: Chunk             |     2 |     4 ||     6
